Map: Deathaura LE

Players

Varum - Winner!

  • Race: Zerg Zerg
  • Spawn Location: 11:00

VOD

Have the link to the VOD?

Description

Time

  • Played on: Dec. 25, 2020, 1:18 p.m.
  • Length: 13:20
Show
View Real Time Build Order
Export as new Build Order

Varum Zerg - Winner!

Build Orders: Hatch First, Brood Lord Corruptor, Roach Hydra 

Get SALT Encoding   

  12  0:02  Drone  
  12  0:12  Overlord  
  12  0:16  Drone  
  12  0:31  Drone x2  
  12  0:36  Drone  
  12  0:52  Hatchery  
  12  0:56  Drone  
  12  1:00  Extractor  
  12  1:02  Drone  
  12  1:17  Drone, Spawning Pool  
  12  1:20  Drone  
  12  1:28  Overlord  
  12  1:39  Drone  
  12  1:50  Drone  
  12  2:05  Queen x2  
  12  2:07  Metabolic Boost  
  12  2:16  Drone x4  
  12  2:22  Drone  
  12  2:25  Overlord  
  12  2:37  Drone x2  
  12  2:55  Drone x3  
  12  3:01  Queen x2  
  12  3:20  Overlord  
  12  3:22  Drone, Hatchery  
  12  3:23  Drone x6  
  12  3:54  Extractor x2  
  12  3:56  Drone x3  
  12  3:58  Drone  
  12  4:00  Drone x2  
  12  4:01  Drone  
  12  4:08  Queen  
  12  4:12  Overlord x3  
  12  4:20  Spore Crawler x2  
  12  4:33  Evolution Chamber  
  12  4:36  Roach Warren, Queen  
  12  4:39  Spore Crawler  
  12  4:45  Drone, Extractor  
  12  4:47  Drone x2  
  12  4:50  Drone x5  
  12  4:51  Drone x5  
  12  5:03  Drone x3  
  12  5:09  Lair  
  12  5:11  Pneumatized Carapace  
  12  5:16  Zerg Missile Weapons Level 1  
  12  5:29  Evolution Chamber  
  12  5:33  Drone x3  
  12  5:35  Drone  
  12  5:36  Drone x2  
  12  5:39  Drone x2, Extractor  
  12  5:40  Extractor  
  12  5:41  Drone x3  
  12  5:42  Drone x3  
  12  6:03  Zerg Ground Armor Level 1  
  12  6:07  Drone  
  12  6:18  Glial Reconstitution, Hydralisk Den  
  12  6:36  Roach  
  12  6:37  Roach x3  
  12  6:38  Overlord x6  
  12  6:58  Hydralisk x18  
  12  7:09  Overlord x2  
  12  7:21  Drone  
  12  7:24  Hatchery  
  12  7:27  Hatchery  
  12  7:33  Roach  
  12  7:34  Roach x10  
  12  7:41  Zerg Missile Weapons Level 2  
  12  7:43  Grooved Spines  
  12  7:45  Roach x3  
  12  7:46  Overlord x4  
  12  8:04  Overlord x3  
  12  8:18  Roach  
  12  8:19  Roach x8  
  12  8:20  Overlord x2  
  12  8:29  Roach x5  
  12  8:42  Hydralisk x7  
  12  9:06  Roach x6  
  12  9:08  Zergling x2  
  12  9:10  Zerg Ground Armor Level 2  
  12  9:15  Infestation Pit  
  12  9:18  Muscular Augments  
  12  9:20  Drone  
  12  9:25  Spire  
  12  10:11  Hive  
  12  10:21  Spire  
  12  10:27  Zerg Melee Weapons Level 1  
  12  10:41  Drone x2  
  12  11:00  Corruptor x10  
  12  11:23  Greater Spire  
  12  11:47  Extractor  
  12  11:48  Drone x3, Extractor  
  12  11:49  Drone x3  
  12  12:28  Corruptor x2  
  12  12:29  Corruptor  
  12  12:40  Brood Lord x10  
Tags
 
Add a new tag
Caveats
  • Supply blocks, unpowered buildings, or Contaminate may cause inaccurate times.
  • Supply counts are checked every 10 seconds.